 Dungeon Crawl Stone Soup version 0.19.5 (webtiles) character file.

2629 devil0150 the Thaumaturge (level 9, -8/55 HPs)
             Began as a High Elf Wizard on Apr 10, 2017.
             Was a Follower of Sif Muna.
             Mangled by a hornet (14 damage)
             ... on level 8 of the Dungeon.
             The game lasted 00:52:53 (10880 turns).

devil0150 the Thaumaturge (High Elf Wizard)        Turns: 10880, Time: 00:52:54

Health: -8/55      AC:  5    Str:  8    XL:     9   Next: 35%
Magic:  22/22      EV: 14    Int: 26    God:    Sif Muna [*.....]
Gold:   298        SH:  0    Dex: 15    Spells: 7 memorised, 10 levels left

rFire  + . .     SeeInvis +     w - +7 whip of Jodueq {drain, Int+3}
rCold  . . .     Gourm    .     a - +1 robe
rNeg   . . .     Faith    .     (no shield)
rPois  .         Spirit   .     b - +2 hat
rElec  .         Reflect  .     (no cloak)
rCorr  .         Harm     .     (no gloves)
MR     .....                    (no boots)
Stlth  +++.......               (no amulet)
                                t - ring of protection from fire
                                x - ring of see invisible

@: lethally poisoned (-8 -> -22), very slightly contaminated, slowed, invisible,
very slow
A: no striking features
a: Divine Energy, Renounce Religion


You were on level 8 of the Dungeon.
You worshipped Sif Muna.
Sif Muna was aware of your devotion.
You were near starving.

You visited 2 branches of the dungeon, and saw 9 of its levels.

You collected 298 gold pieces.

Inventory:

Hand Weapons
 g - a +0 short sword
 p - a +0 short sword of electrocution
 q - a +2 short sword of protection
 r - a +2 war axe of chopping
 s - a +0 dagger
 w - the +7 whip of Jodueq (weapon) {drain, Int+3}
   (You took it off an orc on level 4 of the Dungeon)

   A truly terrible weapon, it drains the life of those it strikes.
   It affects your intelligence (+3).
 D - a +4 flail
Armour
 a - a +1 robe (worn)
 b - a +2 hat (worn)
Jewellery
 f - an uncursed ring of ice
 t - a ring of protection from fire (right hand)
 x - a ring of see invisible (left hand)
Wands
 A - a wand of lightning (2/15)
 E - a wand of lightning (11/15)
 G - a wand of random effects (11/48)
Scrolls
 l - a scroll of amnesia
 v - 3 scrolls of blinking
 y - 3 scrolls of remove curse
 z - 2 scrolls of teleportation
Potions
 h - a potion of agility
 i - a potion of mutation
 k - 2 potions of haste
 m - a potion of might
 n - 2 potions of lignification
 o - a potion of resistance
 C - a potion of cancellation {unknown}
Books
 c - a book of Minor Magic

   Spells                             Type                      Level
   a - Magic Dart                     Conjuration                  1
   b - Blink                          Translocation                2
   c - Call Imp                       Summoning                    2
   d - Repel Missiles                 Charms/Air                   2
   e - Slow                           Hexes                        2
   f - Conjure Flame                  Conjuration/Fire             3
   g - Mephitic Cloud                 Conjuration/Poison/Air       3
Comestibles
 d - 7 bread rations
 j - 3 beef jerkies
 u - a meat ration


   Skills:
 + Level 2.9 Fighting
 - Level 2.2 Short Blades
 + Level 3.4 Maces & Flails
 + Level 4.1 Dodging
 + Level 4.3 Stealth
 + Level 8.5 Spellcasting
 + Level 7.5 Conjurations
 + Level 2.2 Summonings
 + Level 1.7 Translocations
 + Level 0.8 Fire Magic
 + Level 0.8 Air Magic
 + Level 0.2 Poison Magic


You had 10 spell levels left.
You knew the following spells:

 Your Spells              Type           Power        Failure   Level  Hunger
a - Magic Dart            Conj           ####         1%          1    None
b - Call Imp              Summ           ###.....     3%          2    None
c - Blink                 Tloc           N/A          4%          2    None
d - Conjure Flame         Conj/Fire      ####....     3%          3    None
e - Slow                  Hex            ##......     10%         2    None
f - Mephitic Cloud        Conj/Pois/Air  ####....     6%          3    None
g - Repel Missiles        Chrm/Air       ##....       10%         2    None


Dungeon Overview and Level Annotations

Branches:
Dungeon (8/15)             Temple (1/1) D:6
   Lair: D:8-11

Altars:
Ashenzari
Cheibriados
Dithmenos
Elyvilon
Fedhas
Gozag
Hepliaklqana
Kikubaaqudgha
Nemelex Xobeh
Okawaru
Qazlal
Ru
Sif Muna
Trog
Uskayaw
Vehumet
Xom
Yredelemnul
Zin
The Shining One

Shops:
D:5 [   D:6 [


Message History

You feel as though you will be slow longer.
Casting: Magic Dart
Confirm with . or Enter, or press ? or * to list all spells.
Okay, then.
You fade into invisibility!
You feel sick. The hornet misses you. The hornet stings you.
* * * LOW HITPOINT WARNING * * *
You are more poisoned.
You feel as though you will be slow longer.
The hornet closely misses you.
You are very lightly contaminated with residual magic.
You start eating the meat ration.
Keep eating?
* * * LOW HITPOINT WARNING * * *
You feel very sick. The hornet closely misses you. The hornet misses you.
You continue eating.
* * * LOW HITPOINT WARNING * * *
You feel sick. The hornet closely misses you. The hornet stings you!
You die...

#######################
......................#
......................#
......................#
##...###......##......#
##...###......##......#
......#.......#<)>....#
......#.......##y....##
......'.......##@....###
###..##.##+#####.......#
#######.##....##%......#
.......................#
..............##...##..#
.........>....###### ###
###.....##y.......y.
#.....##..........
....##
#.....##'#####.... .
.....


You could see a hornet.

Vanquished Creatures
  A hungry ghost (D:7)
  2 sky beasts (D:6)
  An ice beast (D:6)
  A phantom (D:6)
  6 ogres
  2 centaurs (D:7)
  A big kobold (D:6)
  2 bullfrogs
  2 scorpions
  5 killer bees (D:8)
  3 howler monkeys (D:7)
  A hound (D:3)
  2 jellies
  2 orc priests (D:7)
  2 centaur skeletons
  An iguana (D:7)
  4 orc wizards
  6 worker ants
  2 hound skeletons
  A howler monkey skeleton (D:7)
  7 adders
  15 gnolls
  A shadow imp (D:8)
  An adder skeleton (D:5)
  2 dart slugs (D:1)
  4 leopard geckos
  16 orcs
  6 bats
  3 giant cockroaches
  10 goblins
  6 hobgoblins
  10 jackals
  11 kobolds
  5 quokkas
  3 ball pythons
  4 frilled lizards
  A leopard gecko skeleton (D:5)
  12 rats
164 creatures vanquished.

Vanquished Creatures (collateral kills)
  An orc wizard (D:7)
  A worm (D:3)
  2 orcs (D:7)
  A goblin (D:3)
  4 jackals (D:7)
  A kobold (D:3)
10 creatures vanquished.

Grand Total: 174 creatures vanquished

Notes
Turn   | Place    | Note
-------+----------+-------------------------------------------
     0 | D:1      | devil0150 the High Elf Wizard began the quest for the Orb.
     0 | D:1      | Reached XP level 1. HP: 11/11 MP: 6/6
   331 | D:1      | Reached XP level 2. HP: 16/17 MP: 1/7
   461 | D:1      | Reached skill level 4 in Spellcasting
   882 | D:1      | Reached XP level 3. HP: 21/21 MP: 1/9
  1678 | D:2      | Reached skill level 1 in Short Blades
  1762 | D:2      | Learned a level 2 spell: Call Imp
  1765 | D:2      | Learned a level 2 spell: Blink
  1769 | D:2      | Learned a level 3 spell: Conjure Flame
  1772 | D:2      | Learned a level 2 spell: Slow
  1815 | D:2      | Reached XP level 4. HP: 27/27 MP: 1/11
  2558 | D:2      | HP: 1/27 [gnoll/spear (8)]
  2775 | D:2      | Reached skill level 5 in Spellcasting
  2918 | D:2      | Reached skill level 1 in Summonings
  3160 | D:2      | Reached XP level 5. HP: 26/32 MP: 7/13
  3317 | D:2      | Found an iron altar of Okawaru.
  3707 | D:3      | Found a faded altar of an unknown god.
  4791 | D:3      | Reached XP level 6. HP: 28/37 MP: 9/15
  5455 | D:4      | Got a brightly glowing whip {drain}
  5561 | D:4      | Identified the +7 whip of Jodueq {drain, Int+3} (You took it off an orc on level 4 of the Dungeon)
  5876 | D:4      | Reached skill level 1 in Fighting
  6149 | D:5      | Entered Level 5 of the Dungeon
  6182 | D:5      | Reached skill level 6 in Spellcasting
  6182 | D:5      | Reached XP level 7. HP: 43/43 MP: 14/17
  6190 | D:5      | Learned a level 3 spell: Mephitic Cloud
  6193 | D:5      | Learned a level 2 spell: Repel Missiles
  6300 | D:5      | Found Jelyosk's Antique Armour Emporium.
  6340 | D:5      | Found a glowing golden altar of the Shining One.
  6341 | D:5      | Found an ancient bone altar of Kikubaaqudgha.
  6778 | D:5      | Reached skill level 5 in Conjurations
  7093 | D:6      | Found a staircase to the Ecumenical Temple.
  7101 | Temple   | Entered the Ecumenical Temple
  7261 | Temple   | Became a worshipper of Sif Muna the Loreminder
  7425 | D:6      | Reached skill level 1 in Maces & Flails
  7615 | D:6      | Reached skill level 7 in Spellcasting
  7761 | D:6      | Reached XP level 8. HP: 25/48 MP: 14/19
  7992 | D:6      | Found a glowing golden altar of the Shining One.
  8244 | D:6      | Found Jovvodiang's Antique Armour Shoppe.
  9026 | D:7      | Reached * piety under Sif Muna
  9589 | D:7      | Reached skill level 8 in Spellcasting
  9759 | D:7      | Reached XP level 9. HP: 49/55 MP: 18/22
 10872 | D:8      | Paralysed by a hornet for 1 turns
 10880 | D:8      | Mangled by a hornet

Skill      XL: |  1  2  3  4  5  6  7  8  9 |
---------------+----------------------------+-----
Spellcasting   | 4 5 6 7 8 |  8.5
Short Blades   | 1 2 |  2.2
Conjurations   | 2 3 4 6 7 |  7.5
Summonings     | 1 2 |  2.2
Stealth        | 3 4 |  4.3
Fighting       | 1 2 |  2.9
Dodging        | 3 4 |  4.1
Maces & Flails | 1 3 |  3.4
Translocations | |  1.7
Fire Magic     | |  0.8
Air Magic      | |  0.8
Poison Magic   | |  0.2

Action                   |  1- 3 |  4- 6 |  7- 9 || total
-------------------------+-------+-------+-------++-------
Melee: Short sword       |    39 |     8 |       ||    47
       Whip              |       |     7 |   148 ||   155
 Cast: Magic Dart        |    93 |   236 |   188 ||   517
       Call Imp          |       |     4 |     3 ||     7
       Conjure Flame     |       |       |     4 ||     4
       Mephitic Cloud    |       |       |     3 ||     3
       Blink             |       |       |     2 ||     2
  Use: Scroll            |     3 |    14 |     6 ||    23
       Potion            |       |     1 |     6 ||     7
 Stab: Distracted        |     1 |       |       ||     1
  Eat: Chunk             |     3 |     8 |    10 ||    21
       Meat ration       |       |     1 |     1 ||     2
Armor: Robe              |    11 |    13 |    35 ||    59
Dodge: Dodged            |    59 |    86 |   156 ||   301
